 Dungeon Crawl Stone Soup version 0.22-a0-348-gd16d1391c7 (webtiles) character file.

1387 Laan the Thaumaturge (level 8, 0/52 HPs)
             Began as a Mummy Wizard on Apr 8, 2018.
             Was a Follower of Sif Muna.
             Killed by divine providence
             ... invoked by an orc priest
              (13 damage)
             ... on level 7 of the Dungeon.
             The game lasted 00:19:26 (9026 turns).

Laan the Thaumaturge (Mummy Wizard)                 Turns: 9026, Time: 00:19:27

Health: 0/52       AC:  6    Str: 11    XL:     8   Next: 40%
Magic:  2/20       EV: 12    Int: 19    God:    Sif Muna [*.....]
Gold:   303        SH:  0    Dex: 10    Spells: 20/23 levels left

rFire    x . .     SeeInvis .   l - +2 dagger (venom)
rCold    + . .     Gourm    .   (no shield)
rNeg     + + +     Faith    .   a - +1 robe
rPois    ∞         Spirit   .   d - +2 helmet
rElec    .         Reflect  .   m - scarf {repulsion}
rCorr    .         Harm     .   (no gloves)
MR       +....                  (no boots)
Stlth    ++........             (no amulet)
HPRegen  0.17/turn              (no ring)
MPRegen  0.17/turn              (no ring)

@: repel missiles
A: no food or potions, fire vulnerability, cold resistance 1, negative energy
resistance 3, torment resistance, unbreathing
a: Divine Energy, Renounce Religion


You were on level 7 of the Dungeon.
You worshipped Sif Muna.
Sif Muna was aware of your devotion.
You were not hungry.

You visited 2 branches of the dungeon, and saw 8 of its levels.

You collected 391 gold pieces.
You spent 88 gold pieces at shops.

Inventory:

Hand Weapons
 e - a +0 short sword
 l - a +2 dagger of venom (weapon)
 o - a +0 hunting sling
 p - a +2 whip of holy wrath
Missiles
 c - 212 stones (quivered)
Armour
 a - a +1 robe (worn)
 d - a +2 helmet (worn)
 m - a scarf of repulsion (worn)
Scrolls
 b - 6 scrolls of identify
 f - 3 scrolls of immolation
 g - 5 scrolls of teleportation
 h - 4 scrolls of remove curse
 i - a scroll of amnesia


   Skills:
 - Level 1.5 Dodging
 - Level 1.5 Stealth
 + Level 8.4 Spellcasting
 - Level 0.7 Conjurations
 * Level 6.9 Summonings
   Level 0.7 Translocations


You had 20 spell levels left.
You knew the following spells:

 Your Spells              Type           Power        Failure   Level  Hunger
a - Magic Dart            Conj           ##..         6%          1    N/A
b - Call Imp              Summ           ####....     1%          2    N/A

Dungeon Overview and Level Annotations

Branches:
Dungeon (7/15)             Temple (1/1) D:4

Altars:
Ashenzari
Cheibriados
Elyvilon
Gozag
Hepliaklqana
Okawaru
Sif Muna
Vehumet
Wu Jian
Xom
Yredelemnul

Shops:
D:4 ?

Annotations:
D:6 1 runed door


Innate Abilities, Weirdness & Mutations

You do not eat or drink.
Your flesh is vulnerable to fire.
You are immune to poison.
Your flesh is cold resistant. (rC+)
You are immune to negative energy. (rN+++)
You are immune to unholy pain and torment.
You can survive without breathing.


Message History

There is a stone staircase leading up here.
The orc warrior hits your white imp with a flail!
Your white imp dies!
Your crimson imp blinks!
Your crimson imp hits the adder skeleton.
Casting: Call Imp (safe; 1% risk of failure)
Confirm with . or Enter, or press ? or * to list all spells.
A beastly little devil appears in a puff of frigid air.
The adder skeleton bites your crimson imp but does no damage.
Your crimson imp blinks!
Your white imp misses the orc warrior.
The orc priest invokes the aid of Beogh against you.
Beogh smites you!
* * * LOW HITPOINT WARNING * * *
The orc warrior hits your white imp with a flail.
The adder skeleton bites your white imp.
Your white imp hits the orc warrior.
Your white imp freezes the orc warrior.
The orc priest calls down the wrath of Beogh upon you.
Beogh smites you!
You die...

#..≈≈≈...##.#
#.≈≈≈≈.5..#.#
#......5⌠...#
#....)....#
#.#.)##)o#
#....)Zo##
#######5# #.#
#@# #.# #.#
..# ###


You could see an orc warrior, an orc priest, an adder skeleton, 2 friendly
crimson imps and a friendly white imp.

Vanquished Creatures
  The ghost of syranez the Sneak, a novice OpFE (D:5)
  A sky beast (D:5)
  A phantom (D:4)
  A centaur (D:5)
  A bullfrog (D:3)
  A scorpion (D:6)
  An orc priest (D:6)
  2 orc wizards
  A worker ant (D:6)
  3 adders
  2 oozes (D:1)
  A worm (D:2)
  A leopard gecko (D:3)
  3 orcs
  6 giant cockroaches
  7 goblins
  5 hobgoblins
  A ball python (D:2)
  4 bats
  4 frilled lizards
  9 kobolds
  7 rats
63 creatures vanquished.

Vanquished Creatures (collateral kills)
  A phantom (D:4)
  2 ogres
  An ice beast (D:6)
  2 bullfrogs (D:6)
  A wyvern zombie (D:6)
  A water moccasin zombie (D:5)
  2 scorpions
  A crimson imp (D:4)
  A jelly (D:6)
  A quasit (D:5)
  An orc wizard (D:7)
  A bullfrog zombie (D:5)
  A centaur skeleton (D:6)
  2 hounds
  An orc priest (D:7)
  3 worker ants
  Terence (D:2)
  A hound skeleton (D:6)
  A worker ant zombie (D:5)
  9 adders
  3 gnolls (D:5)
  A shadow imp (D:5)
  A worm (D:3)
  2 dart slugs
  2 leopard geckos
  13 orcs
  5 giant cockroaches
  A hobgoblin (D:2)
  5 jackals (D:4)
  6 quokkas
  A quokka skeleton (D:5)
  5 butterflies (D:6)
79 creatures vanquished.

Grand Total: 142 creatures vanquished

Notes
Turn   | Place    | Note
-------+----------+-------------------------------------------
     0 | D:1      | Laan the Mummy Wizard began the quest for the Orb.
     0 | D:1      | Reached XP level 1. HP: 13/13 MP: 5/5
   176 | D:1      | Reached XP level 2. HP: 19/19 MP: 2/7
   226 | D:1      | Learned a level 2 spell: Call Imp
   484 | D:1      | Reached skill level 1 in Summonings
  1053 | D:2      | Noticed Terence
  1090 | D:2      | Reached XP level 3. HP: 24/24 MP: 7/9
  1154 | D:2      | Found a white marble altar of Elyvilon.
  1446 | D:2      | Reached skill level 5 in Spellcasting
  1638 | D:2      | Killed Terence
  2199 | D:2      | Found a hazy altar of Hepliaklqana.
  2542 | D:3      | Reached XP level 4. HP: 30/30 MP: 3/11
  2593 | D:3      | Noticed a bullfrog
  2615 | D:3      | Killed a bullfrog
  2615 | D:3      | Reached XP level 5. HP: 22/35 MP: 2/13
  3066 | D:3      | You fall through a shaft!
  4006 | D:4      | Reached skill level 6 in Spellcasting
  4110 | D:4      | Noticed an ogre
  4130 | D:4      | Killed an ogre
  4130 | D:4      | Reached XP level 6. HP: 39/41 MP: 6/15
  4341 | D:4      | Found Ynteusch's Magic Scroll Shoppe.
  4351 | D:4      | Bought a scroll of remove curse for 33 gold pieces
  4351 | D:4      | Bought a scroll of teleportation for 33 gold pieces
  4351 | D:4      | Bought a scroll of identify for 22 gold pieces
  4988 | D:4      | Found a staircase to the Ecumenical Temple.
  5006 | Temple   | Entered the Ecumenical Temple
  5111 | Temple   | Became a worshipper of Sif Muna the Loreminder
  5362 | D:5      | Entered Level 5 of the Dungeon
  5409 | D:5      | Reached XP level 7. HP: 29/46 MP: 9/17
  5624 | D:5      | Reached skill level 7 in Spellcasting
  5624 | D:5      | Reached skill level 5 in Summonings
  5725 | D:5      | Noticed syranez's ghost (novice OpFE)
  5759 | D:5      | Killed syranez's ghost
  6507 | D:5      | Reached * piety under Sif Muna
  7132 | D:6      | Reached XP level 8. HP: 49/52 MP: 14/19
  7310 | D:6      | Reached skill level 8 in Spellcasting
  7723 | D:6      | Found a snail-covered altar of Cheibriados.
  7743 | D:6      | Found a shimmering altar of Xom.
  8166 | D:6      | Found a runed door.
  8534 | D:6      | Found a runed door.
  9026 | D:7      | Killed from afar by an orc priest

Vault maps used:
D:1:      zaba_arrival_water
D:2:      overflow_temple_1_default, marbit_many_paths, uniq_terence
D:4:      temple_green, serial_shops, shop, first_ration, st_stairs_1
D:6:      lemuel_insect_pit, xom_teletrap_fun, kennysheep_slug_shrine
D:7:      nemelex_xobeh_ov_fountains_minmay, lemuel_coloured_pillars_altar,
          makhleb_blood_cavern_becter, kiku_gazebo_pond_becter, enter_bailey_3,
          nicolae_gozag_seed_capital, uniq_joseph
Temple:   nicolae_temple_figure_eight

Skill      XL: |  1  2  3  4  5  6  7  8 |
---------------+-------------------------+-----
Summonings     | 1 2 3 4 6 |  6.9
Spellcasting   | 5 6 7 8 |  8.4
Dodging        | |  1.5
Stealth        | |  1.5
Conjurations   | |  0.7
Translocations | |  0.7

Action                   |  1- 3 |  4- 6 |  7- 9 || total
-------------------------+-------+-------+-------++-------
Melee: Short sword       |     7 |     4 |       ||    11
       Dagger            |       |    30 |    55 ||    85
 Cast: Magic Dart        |   103 |    57 |     6 ||   166
       Call Imp          |    10 |    64 |   186 ||   260
Invok: Divine Energy     |       |       |     1 ||     1
       Stop Divine Energ |       |       |     1 ||     1
Evoke: Wand              |       |    12 |     5 ||    17
  Use: Scroll            |       |       |     4 ||     4
 Stab: Distracted        |       |       |     1 ||     1
Armor: Robe              |    10 |    19 |    43 ||    72
Dodge: Dodged            |    24 |    58 |    73 ||   155

Table legend:
 A = Spawn XP
 B = Non-spawn XP
 C = Spawn XP percentage of total XP
 D = Spawn monster count
 E = Non-spawn monster count
 F = Spawn count percentage of total count
 G = Total turns spent on level
                    A         B        C        D         E        F      G
               +---------+---------+-------+---------+---------+-------+---------
         Total |       0 |    1982 |   0.0 |       0 |     137 |   0.0 |  9026
               +---------+---------+-------+---------+---------+-------+---------
           D:1 |       0 |      35 |   0.0 |       0 |      18 |   0.0 |  1000
           D:2 |       0 |      45 |   0.0 |       0 |      13 |   0.0 |  1311
           D:3 |       0 |     228 |   0.0 |       0 |      27 |   0.0 |  1621
           D:4 |       0 |     333 |   0.0 |       0 |      15 |   0.0 |  1298
           D:5 |       0 |     717 |   0.0 |       0 |      29 |   0.0 |  1686
           D:6 |       0 |     575 |   0.0 |       0 |      28 |   0.0 |  1943
           D:7 |       0 |      49 |   0.0 |       0 |       7 |   0.0 |    35
               +---------+---------+-------+---------+---------+-------+---------
